 Dungeon Crawl Stone Soup version 0.26-b1-57-gb162d0664a (webtiles) character file.

Game seed: 9436509147207774915

780239 DocSulfur the Sorcerer (level 27, -22/174 HPs)
             Began as a Deep Elf Conjurer on Jan 7, 2021.
             Was the Champion of Vehumet.
             Annihilated by Ziuxtas the pandemonium lord (35 damage)
             ... on level 11 of a ziggurat on Jan 8, 2021.
             The game lasted 09:13:00 (109627 turns).

DocSulfur the Sorcerer (Deep Elf Conjurer)        Turns: 109627, Time: 09:13:01

Health: -22/174    AC: 14    Str:  5    XL:     27
Magic:  12/55      EV: 31    Int: 38    God:    Vehumet [******]
Gold:   824        SH: 11    Dex: 17    Spells: 15/79 levels left

rFire    + . .     SeeInvis +   s - staff of conjuration
rCold    + . .     Faith    .   m - +3 buckler {reflect}
rNeg     + + .     Spirit   .   Z - +2 robe {rC+ rF+}
rPois    .         Reflect  +   T - +3 crown of Dyrovepreva {rElec Int+2 SInv}
rElec    +         Harm     .   I - scarf {repulsion}
rCorr    .         Rampage  .   i - +3 pair of gloves of Cephur {rF- rN+ Int+3}
Will     +++..                  o - +2 pair of boots {Fly}
Stlth    ++........             L - amulet of magic regeneration
HPRegen  0.39/turn              P - ring of protection from cold
MPRegen  0.59/turn              l - ring "Raotitas" {Fire rN+ Int-3 Dex+4}

@: flying, studying Axes, repel missiles
A: claws 1, strong-willed 1, robust 1, no potion heal 1
}: 5/15 runes: decaying, slimy, silver, abyssal, gossamer
a: Stop Flying, Renounce Religion


You were on level 11 of a ziggurat.
You worshipped Vehumet.
Vehumet was exalted by your worship.
You visited 12 branches of the dungeon, and saw 58 of its levels.
You visited the Abyss 1 time.
You visited 1 ziggurat, and saw 11 of its levels.
You also visited: Trove, Ossuary, Bailey, Ice Cave, Volcano and Wizlab.

You collected 9222 gold pieces.
You spent 8398 gold pieces at shops.

Inventory:

Armour
 i - the +3 pair of gloves of Cephur (worn) {rF- rN+ Int+3}
   (You acquired it on level 4 of the Vaults)

   It affects your intelligence (+3).
   It makes you vulnerable to fire.
   It protects you from negative energy.
 m - a +3 buckler of reflection (worn)
 o - a +2 pair of boots of flying (worn)
 C - a scarf of resistance
 I - a scarf of repulsion (worn)
 T - the +3 crown of Dyrovepreva (worn) {rElec Int+2 SInv}
   (You bought it in a shop on level 1 of the Elven Halls)

   It affects your intelligence (+2).
   It insulates you from electricity.
   It lets you see invisible.
 Z - a +2 robe of resistance (worn)
Magical Staves
 q - an uncursed staff of earth
 s - an uncursed staff of conjuration (weapon)
 x - an uncursed staff of fire
 z - an uncursed staff of conjuration
 M - an uncursed staff of death
 U - an uncursed staff of cold
Jewellery
 a - an uncursed ring of ice
 e - an uncursed amulet of the acrobat
 l - the ring "Raotitas" (right hand) {Fire rN+ Int-3 Dex+4}
   (You found it on level 1 of the Swamp)

   [ring of fire]

   It enhances your fire magic.
   It affects your intelligence (-3).
   It affects your dexterity (+4).
   It protects you from fire.
   It makes you vulnerable to cold.
   It protects you from negative energy.
 n - the ring of the Lobster {rPois rF+ Int+2 Stlth+}
   (You acquired it on level 13 of the Dungeon)

   [ring of poison resistance]

   It affects your intelligence (+2).
   It protects you from fire.
   It protects you from poison.
   It makes you more stealthy.
 B - the ring "Ygofe" {Str+6 Stlth+}
   (You found it on level 5 of a ziggurat)

   [ring of strength]

   It affects your strength (+6).
   It makes you more stealthy.
 F - an uncursed ring of resist corrosion
 L - an amulet of magic regeneration (around neck)
 N - the ring "Qitruph" {rCorr Int+2 Dex+3 Stlth+}
   (You found it on level 9 of a ziggurat)

   [ring of resist corrosion]

   It affects your intelligence (+2).
   It affects your dexterity (+3).
   It provides partial protection from all sources of acid and corrosion.
   It makes you more stealthy.
 P - a ring of protection from cold (left hand)
 R - the ring of the Firefly {*Tele rN+ Will+}
   (You found it on level 10 of a ziggurat)

   [ring of teleportation]

   It may teleport you next to monsters.
   It protects you from negative energy.
   It affects your willpower, your defense against some magical effects.
Wands
 r - a wand of digging (14)
Scrolls
 g - 38 scrolls of teleportation
 h - 11 scrolls of blinking
 k - 31 scrolls of identify
 p - 29 scrolls of remove curse
 t - 7 scrolls of immolation
 w - 5 scrolls of enchant armour
 y - 2 scrolls of summoning
 E - a scroll of holy word
 G - 4 scrolls of enchant weapon
 H - 9 scrolls of fog
 O - 10 scrolls of magic mapping
 W - 5 scrolls of amnesia
 X - 4 scrolls of fear
Potions
 b - 9 potions of haste
 c - 3 potions of resistance
 d - 31 potions of curing
 j - 11 potions of lignification
 u - 2 potions of ambrosia
 v - 2 potions of heal wounds
 A - 11 potions of brilliance
 K - 5 potions of mutation
 Q - 4 potions of invisibility
 S - 4 potions of cancellation
Books
 f - a manual of Axes
Miscellaneous
 J - a condenser vane


   Skills:
 - Level 12.6 Fighting
 - Level 1.9 Throwing
 * Level 23.5 Dodging
 - Level 2.4 Stealth
 + Level 14.6 Shields
 * Level 26.7 Spellcasting
 - Level 24.0 Conjurations
 - Level 10.0 Hexes
 - Level 2.4 Necromancy
 - Level 6.0 Translocations
 * Level 22.3 Fire Magic
 - Level 14.0 Ice Magic
 - Level 24.0 Earth Magic
 - Level 10.0 Evocations


You had 15 spell levels left.
You knew the following spells:

 Your Spells              Type           Power        Failure   Level
a - Lehudib's Crystal Sp  Conj/Erth      75%          1%          8
b - Ignition              Fire           73%          1%          8
c - Ozocubu's Refrigerat  Ice            51%          1%          6
d - Lee's Rapid Deconstr  Erth           62%          0%          5
e - Fireball              Conj/Fire      87%          0%          5
f - Blink                 Tloc           N/A          1%          2
g - Fire Storm            Conj/Fire      87%          1%          9
h - Shatter               Erth           62%          1%          9
i - Invisibility          Hex            91%          1%          6
k - Statue Form           Tmut/Erth      64%          1%          6

Your spell library contained the following spells:

 Spells                   Type           Power        Failure   Level
 Tornado                  Air            25%          100%        9
 Corona                   Hex            100%         0%          1
 Foxfire                  Conj/Fire      100%         0%          1
 Freeze                   Ice            100%         0%          1
 Magic Dart               Conj           100%         0%          1
 Sandblast                Erth           100%         0%          1
 Shock                    Conj/Air       100%         0%          1
 Ensorcelled Hibernation  Hex/Ice        100%         0%          2
 Passwall                 Tmut/Erth      80%          0%          2
 Searing Ray              Conj           100%         0%          2
 Slow                     Hex            91%          0%          2
 Conjure Flame            Conj/Fire      100%         0%          3
 Dazzling Flash           Conj/Hex       100%         0%          3
 Inner Flame              Hex/Fire       100%         0%          3
 Static Discharge         Conj/Air       100%         0%          3
 Stone Arrow              Conj/Erth      100%         0%          3
 Fulminant Prism          Conj/Hex       66%          0%          4
 Hailstorm                Conj/Ice       100%         0%          4
 Iskenderun's Mystic Bla  Conj/Tloc      100%         0%          4
 Leda's Liquefaction      Hex/Erth       55%          0%          4
 Sticky Flame             Conj/Fire      100%         0%          4
 Iron Shot                Conj/Erth      75%          0%          6
 Animate Skeleton         Necr           100%         1%          1
 Apportation              Tloc           100%         1%          1
 Pain                     Necr           100%         1%          1
 Sting                    Tmut/Pois      100%         1%          1
 Summon Small Mammal      Summ           100%         1%          1
 Call Imp                 Summ           50%          1%          2
 Corpse Rot               Necr/Air       N/A          1%          2
 Poisonous Vapours        Pois/Air       100%         1%          2
 Swiftness                Air            50%          1%          2
 Call Canine Familiar     Summ           50%          1%          3
 Confusing Touch          Hex            91%          1%          3
 Gell's Gravitas          Tloc           38%          1%          3
 Ignite Poison            Fire/Tmut/Pois 100%         1%          3
 Lesser Beckoning         Tloc           38%          1%          3
 Mephitic Cloud           Conj/Pois/Air  100%         1%          3
 Portal Projectile        Hex/Tloc       100%         1%          3
 Summon Guardian Golem    Hex/Summ       73%          1%          3
 Teleport Other           Tloc           77%          1%          3
 Tukima's Dance           Hex            91%          1%          3
 Vampiric Draining        Necr           31%          1%          3
 Airstrike                Air            25%          1%          4
 Animate Dead             Necr           31%          1%          4
 Cause Fear               Hex            45%          1%          4
 Ice Form                 Ice/Tmut       81%          1%          4
 Olgreb's Toxic Radiance  Pois           50%          1%          4
 Passage of Golubria      Tloc           N/A          1%          4
 Petrify                  Tmut/Erth      97%          1%          4
 Summon Ice Beast         Ice/Summ       81%          1%          4
 Borgnjor's Vile Clutch   Necr/Erth      50%          1%          5
 Irradiate                Conj/Tmut      59%          1%          5
 Lightning Bolt           Conj/Air       59%          1%          5
 Metabolic Englaciation   Hex/Ice        48%          1%          5
 Silence                  Hex/Air        36%          1%          5
 Summon Mana Viper        Hex/Summ       73%          1%          5
 Yara's Violent Unravell  Hex/Tmut       36%          1%          5
 Conjure Ball Lightning   Conj/Air       59%          1%          6
 Freezing Cloud           Conj/Ice/Air   60%          1%          6
 Simulacrum               Ice/Necr       42%          1%          6
 Spellforged Servitor     Conj/Summ      59%          1%          7
 Summon Lightning Spire   Summ/Air       50%          3%          4
 Agony                    Necr           62%          3%          5
 Excruciating Wounds      Necr           31%          3%          5
 Summon Forest            Summ/Tloc      32%          3%          5
 Chain Lightning          Conj/Air       59%          4%          8
 Alistair's Intoxication  Tmut/Pois      33%          10%         5
 Summon Demon             Summ           25%          10%         5
 Eringya's Noxious Bog    Tmut/Pois      25%          16%         6
 Death Channel            Necr           31%          22%         6
 Absolute Zero            Ice            51%          28%         9
 Discord                  Hex            45%          36%         8
 Hydra Form               Tmut           25%          50%         6
 Shadow Creatures         Summ           N/A          50%         6
 Malign Gateway           Summ/Tloc      32%          65%         7
 Dragon Form              Tmut           25%          97%         7
 Summon Hydra             Summ           25%          97%         7
 Infestation              Necr           31%          100%        8
 Dragon's Call            Summ           25%          100%        9


Dungeon Overview and Level Annotations

Branches:
Dungeon (15/15)            Temple (1/1) D:7            Lair (6/6) D:8
  Swamp (4/4) Lair:4       Spider (4/4) Lair:2        Slime (5/5) Lair:6
    Orc (2/2) D:11            Elf (3/3) Orc:2        Vaults (5/5) D:13
  Crypt (3/3) Vaults:2       Tomb (0/3) Crypt:3      Depths (5/5) D:15
    Zot (5/5) Depths:5    Ossuary (visited)          Bailey (visited)
  IceCv (visited)         Volcano (visited)          WizLab (visited)

Altars:
Ashenzari
Cheibriados
Dithmenos
Elyvilon
Fedhas
Gozag
Hepliaklqana
Kikubaaqudgha
Makhleb
Nemelex Xobeh
Okawaru
Qazlal
Ru
Sif Muna
Trog
Uskayaw
Vehumet
Wu Jian
Xom
Yredelemnul
Zin
The Shining One
Beogh
Jiyva

Shops:
D:4 (   D:5 }   D:13 ?   Orc:1 :   Orc:2 (!}!   Elf:1 =*=}}!*[   Vaults:4 ?
Depths:2 [!!((   Depths:3 :=

Portals:
Hell: Depths:1 Depths:2 Depths:3 Depths:4 Depths:5
Abyss: Crypt:2 Depths:1 Depths:2 Depths:4 Depths:5
Pandemonium: Depths:1 Depths:3 Depths:4 Depths:5

Annotations:
Depths:2 1 runed translucent door


Innate Abilities, Weirdness & Mutations

You have sharp fingernails.
You are strong-willed. (Will+)
You are robust. (+10% HP)
Potions are less effective at restoring your health.


Message History

Aim: Ziuxtas (severely wounded, 48% to evade)
You feel a surge of power!
The crystal spear misses Ziuxtas.
Magic courses through your body.
Casting: Lehudib's Crystal Spear (mildly dangerous; 1% risk of failure)
Confirm with . or Enter, or press ? or * to list all spells.
Aiming: Lehudib's Crystal Spear (mildly dangerous; 1% risk of failure)
Press: ? - help, Shift-Dir - straight line, f/p - Ziuxtas
Aim: Ziuxtas (severely wounded, 48% to evade)
You feel a surge of power!
The crystal spear hits Ziuxtas!!!
Ziuxtas is almost dead.
Ziuxtas touches you.
* * * LOW HITPOINT WARNING * * *
You are caught in a web!
The web tears apart.
Ziuxtas touches you!!
* * * LOW HITPOINT WARNING * * *
You are caught in a web!
Casting: Lehudib's Crystal Spear (mildly dangerous; 1% risk of failure)
Confirm with . or Enter, or press ? or * to list all spells.
You blink.
Ziuxtas touches you!!
You die...

▓.........▓
▓▓▓▓▓▓.........▓▓▓▓▓▓▓
.....................▓
..................)[|▓
..................=)?▓
..................$?∩▓
∩............).)..))>▓
........&......).[)|∩▓
................@&§[[▓
.....................▓
.....................▓
▓▓▓▓▓▓.........▓▓▓▓▓▓▓
▓.........▓
▓.........▓
▓.........▓ ▓▓▓▓▓▓▓


You could see Ziuxtas.

Vanquished Creatures
  the Royal Jelly (Slime:5)
  A pandemonium lord (Zig:8)
  Mara (Crypt:1)
  An orb of fire (Zot:4)
  2 ancient liches
  A juggernaut (Depths:4)
  Sojobo (Depths:3)
  2 Killer Klowns
  Bai Suzhen (Vaults:2)
  Xtahua (Vaults:3)
  The ghost of rrossfarrar the Hoplite, a veteran BaFi of Cheibriados (Crypt:2)
  A curse toe (Zot:3)
  13 golden dragons
  A Hellbinder (WizLab)
  Nikola (Spider:4)
  3 bone dragons
  Jory (Depths:3)
  Arachne (Spider:4)
  the Enchantress (Depths:3)
  8 liches
  2 Tzitzimimeh
  2 electric golems (Zot:2)
  A Brimstone Fiend (Zig:8)
  16 tentacled monstrosities
  2 Hell Sentinels
  3 hellephants
  Jorgrun (Orc:1)
  2 deep elf blademasters (Elf:3)
  An Orb Guardian (Zot:5)
  4 titans (Vaults:5)
  Asterion (Spider:3)
  2 deep elf master archers (Elf:3)
  4 quicksilver dragons
  Frances (Spider:1)
  An Executioner (Crypt:2)
  7 death cobs
  10 tentacled starspawn
  6 ancient champions
  4 sphinxes
  31 acid blobs
  Gastronok (Lair:2)
  5 shadow dragons (Vaults:5)
  13 storm dragons
  A nagaraja (Zig:5)
  A thorn hunter (Swamp:2)
  11 tengu reavers
  Kirke (Lair:6)
  2 warmongers
  2 revenants (Crypt:2)
  16 fire giants
  21 frost giants
  10 azure jellies
  3 draconian monks
  A ghost moth (shapeshifter) (Vaults:5)
  10 ghost moths
  6 draconian knights
  14 vault wardens
  Aizul (Swamp:1)
  4 draconian scorchers
  4 emperor scorpions (Spider:4)
  3 cacodemons
  6 draconian shifters
  A juggernaut zombie (Crypt:1)
  4 curse skulls
  10 deep elf sorcerers
  4 balrugs
  4 reapers
  3 iron dragons
  2 war gargoyles (Vaults:5)
  5 draconian annihilators
  15 ironheart preservers
  6 ghouls
  6 spriggan defenders (Depths:3)
  7 draconian stormcallers
  28 very ugly things
  31 stone giants
  3 blood saints
  A black sun (WizLab)
  6 entropy weavers
  Azrael (D:14)
  9 deep elf demonologists
  A corrupter (Zig:10)
  3 lorocyprocas
  6 black draconians
  35 vampire knights
  6 green draconians
  4 white draconians
  10 deep elf annihilators
  7 dire elephants (Abyss:3)
  10 purple draconians
  16 red draconians
  9 yellow draconians
  12 spark wasps
  2 blizzard demons
  A bunyip (Swamp:3)
  8 eidola
  A crystal guardian (Crypt:2)
  9 ettins
  8 death oozes
  5 eleionomae
  7 deep elf death magi
  Josephine (Swamp:1)
  2 green deaths (WizLab)
  A merfolk javelineer (Depths:2)
  A mummy priest (Zig:4)
  8 fire dragons
  14 yaktaur captains
  3 jiangshi
  13 deep elf high priests
  10 rakshasas
  A great orb of eyes (shapeshifter) (Vaults:5)
  A shambling mangrove (Swamp:4)
  15 great orbs of eyes
  A quicksilver dragon skeleton (Abyss:3)
  10 boulder beetles
  2 ghost crabs (Lair:3)
  6 spriggan air magi
  35 vault guards
  10 ice dragons
  A hell beast (WizLab)
  5 centaur warriors
  30 hydras
  A catoblepas (Lair:6)
  An anaconda (shapeshifter) (Vaults:5)
  Erica (Lair:2)
  8 alligators
  44 two-headed ogres
  8 deep troll shamans
  20 ogre magi
  31 dancing weapons
  6 death knights
  A death scarab (Zig:4)
  6 death yaks
  7 deep troll earth magi
  10 vampire magi
  4 tengu warriors
  3 orc high priests (Depths:3)
  A shock serpent (shapeshifter) (Depths:4)
  19 deep elf knights
  A sun demon (WizLab)
  A hell hog (Zig:10)
  3 naga sharpshooters (Depths:3)
  19 thrashing horrors
  6 spriggan berserkers
  3 iron trolls
  7 hell knights
  A soul eater (Depths:4)
  A titan skeleton (Abyss:3)
  4 fire crabs (Lair:3)
  3 shadow wraiths
  Sonja (Orc:2)
  8 wretched stars
  A goliath frog (shapeshifter) (Vaults:5)
  43 skeletal warriors
  2 sixfirhies
  4 spatial maelstroms (Abyss:3)
  A golden dragon zombie (Zig:3)
  A storm dragon skeleton (Vaults:4)
  8 unseen horrors
  A gelid demonspawn (Depths:4)
  A spriggan druid (Swamp:3)
  14 swamp dragons
  3 salamander mystics
  A deep troll (shapeshifter) (Crypt:2)
  A ghost moth zombie (Crypt:3)
  25 deep trolls
  5 wizards
  9 glowing orange brains
  6 bog bodies
  2 goliath frogs
  A shadow dragon zombie (Crypt:3)
  27 phantasmal warriors
  22 deep elf archers
  3 lindwurms
  7 flayed ghosts
  2 shadow demons (WizLab)
  33 starcursed masses
  11 ironbrand convokers
  45 ugly things
  9 orc knights
  A mana viper (Abyss:3)
  5 harpies (Vaults:3)
  A wolf spider zombie (Crypt:2)
  12 necromancers
  A wolf spider (shapeshifter) (Vaults:5)
  An iron dragon zombie (Crypt:3)
  26 orb spiders
  A shadow dragon skeleton (Abyss:3)
  6 cyclopes
  13 shining eyes
  A sphinx zombie (Vaults:4)
  2 frost giant zombies
  4 oklob plants (Lair:6)
  35 wolf spiders
  A manticore (D:12)
  62 deep elf magi
  121 slime creatures
  12 orc sorcerers
  18 moths of wrath
  4 will-o-the-wisps
  17 elephants
  10 salamanders
  A worldbinder (Abyss:3)
  2 rust devils (WizLab)
  A stone giant zombie (Crypt:3)
  A guardian serpent (Zig:5)
  An elephant (shapeshifter) (Vaults:2)
  A shock serpent zombie (Crypt:2)
  A frost giant skeleton (Crypt:2)
  A dire elephant zombie (Crypt:2)
  6 ice statues
  3 naga magi (Zig:5)
  2 black mambas (shapeshifter)
  8 black mambas
  4 apocalypse crabs
  A guardian serpent (shapeshifter) (D:15)
  6 orange demons
  11 vault sentinels
  12 smoke demons
  2 eyes of devastation
  A torpor snail (shapeshifter) (Vaults:5)
  12 cane toads
  A cane toad (shapeshifter) (Abyss:3)
  5 molten gargoyles
  5 hellions
  A grey draconian zombie (Crypt:1)
  5 torpor snails
  16 demonic crawlers
  An efreet (Abyss:3)
  10 komodo dragons
  3 gargoyles
  26 yaktaurs
  10 freezing wraiths
  A guardian mummy (Zig:4)
  5 hellwings
  2 ice devils (WizLab)
  2 kobold demonologists
  A white draconian skeleton (Crypt:1)
  A golden dragon simulacrum (Abyss:3)
  A tormentor (Zig:11)
  7 ancient zymes
  4 rime drakes
  A rime drake (shapeshifter) (Vaults:2)
  A redback zombie (D:14)
  2 anaconda simulacra (IceCv)
  3 red devils
  2 tengu conjurers (Depths:1)
  7 trolls
  A polar bear (Lair:6)
  A bloated husk (Swamp:2)
  A tengu simulacrum (Vaults:4)
  2 meliai (shapeshifter)
  3 meliai (D:15)
  A merfolk (shapeshifter) (D:15)
  A hornet (shapeshifter) (Vaults:3)
  A hydra zombie (Crypt:3)
  9 tyrant leeches
  32 jumping spiders
  31 hornets
  A queen bee (shapeshifter) (Vaults:5)
  A sphinx simulacrum (Vaults:2)
  A guardian serpent zombie (Crypt:1)
  28 blink frogs
  2 ettin zombies
  3 harpy skeletons
  22 raiju
  A snapping turtle (shapeshifter) (Vaults:5)
  8 dream sheep (Lair:6)
  A stone giant simulacrum (Vaults:5)
  A guardian serpent skeleton (Crypt:1)
  A fire dragon skeleton (Crypt:2)
  72 redbacks
  Sigmund (D:4)
  A spriggan (shapeshifter) (Vaults:5)
  41 tarantellas
  A tarantella (shapeshifter) (Depths:1)
  9 water elementals
  8 wyverns
  3 vampires
  A black mamba zombie (Crypt:2)
  4 flying skulls (Crypt:1)
  17 spriggans
  5 ynoxinuls
  18 humans (D:13)
  2 ushabtiu (Zig:4)
  4 fire elementals
  A hog (shapeshifter) (Depths:5)
  3 shadows
  14 wraiths
  Eustachio (D:4)
  4 golden eyes (Slime:3)
  A yak (shapeshifter) (Vaults:3)
  6 hogs
  12 fire bats
  A golden eye (shapeshifter) (Vaults:2)
  50 yaks
  13 chaos spawn
  6 basilisks
  21 vampire mosquitoes
  10 neqoxecs
  2 iron troll simulacra (IceCv)
  3 steam dragons
  A glowing shapeshifter zombie (Crypt:1)
  A two-headed ogre zombie (Crypt:3)
  5 wargs
  4 harpy simulacra (IceCv)
  16 spatial vortices (Abyss:3)
  A swamp worm (shapeshifter) (Depths:2)
  3 acid dragons
  18 swamp worms
  2 merfolk zombies
  11 water moccasins
  5 nagas
  A soldier ant (shapeshifter) (Vaults:3)
  10 swamp drakes
  A cane toad zombie (Crypt:3)
  6 floating eyes
  An acid dragon (shapeshifter) (Depths:2)
  A soldier ant (D:12)
  10 hell hounds
  An infernal demonspawn skeleton (Crypt:2)
  A floating eye (shapeshifter) (Depths:3)
  34 large abominations
  2 cane toad skeletons
  4 black bears
  A hydra simulacrum (IceCv)
  18 ice beasts
  31 orc warriors
  An ice beast (shapeshifter) (D:13)
  A swamp dragon zombie (Crypt:3)
  A fire dragon simulacrum (Crypt:1)
  3 phantoms
  4 sky beasts
  A black bear (shapeshifter) (Elf:3)
  10 eyes of draining
  16 centaurs
  31 ogres
  2 boggarts (Vaults:4)
  10 wolves
  A blink frog skeleton (Crypt:3)
  A human zombie (Vaults:4)
  13 big kobolds
  A yaktaur zombie (Crypt:3)
  17 small abominations
  16 bullfrogs
  2 human skeletons
  5 earth elementals
  A gnoll sergeant (D:13)
  3 wyvern skeletons
  A troll zombie (D:11)
  7 scorpions
  5 killer bees
  6 electric eels
  28 wights
  A polar bear skeleton (Crypt:1)
  5 howler monkeys
  A spriggan skeleton (Crypt:2)
  2 crimson imps
  3 centaur zombies
  3 bullfrog zombies
  12 lava snakes
  A soldier ant zombie (Crypt:3)
  3 hounds
  3 iron imps (Abyss:3)
  2 bullfrog skeletons
  11 jellies
  6 quasits
  6 centaur skeletons
  11 orc priests
  Crazy Yiuf (D:3)
  26 orc wizards
  Ijyb (D:3)
  A gnoll shaman (D:7)
  An iguana (D:9)
  18 worker ants
  2 yak simulacra (Lair:3)
  4 polar bear simulacra (Lair:3)
  4 wolf simulacra (Lair:3)
  A tengu zombie (Crypt:2)
  6 ogre zombies
  A deep dwarf zombie (Crypt:1)
  A dwarf skeleton (Crypt:3)
  A tengu skeleton (Crypt:3)
  2 hound zombies
  14 mummies
  2 worker ant zombies
  13 gnolls
  13 adders
  4 shadow imps
  6 white imps
  7 ufetubi
  An ooze (D:2)
  An iguana zombie (Crypt:2)
  2 adder skeletons
  A worm (D:3)
  A dart slug (D:2)
  7 leopard geckos
  81 orcs
  3 giant cockroaches
  2 gnoll zombies
  8 goblins
  8 hobgoblins
  2 jackals (D:3)
  5 bats
  6 frilled lizards
  A frilled lizard skeleton (Crypt:2)
  2 goblin skeletons (D:11)
  2 goblin zombies (D:11)
  3 hobgoblin skeletons (D:11)
  7 hobgoblin zombies
  A jackal skeleton (Crypt:2)
  21 kobolds
  2 kobold zombies (Ossuary)
  An orc skeleton (D:11)
  9 orc zombies (D:11)
  A quokka skeleton (D:4)
  6 rats
  A river rat simulacrum (Lair:3)
  9 fire vortices
  3 fulminant prisms (Lair:6)
  A lurking horror (Crypt:2)
  4 starspawn tentacles (Abyss:3)
3092 creatures vanquished.

Vanquished Creatures (collateral kills)
  A golden dragon (Zot:3)
  A green draconian (Zig:9)
  A dire elephant (Abyss:3)
  A lorocyproca (Abyss:3)
  2 skeletal warriors (Crypt:3)
  An orc knight (Bailey)
  An ancient zyme (Abyss:3)
  A wraith (Crypt:1)
  An orc warrior (Bailey)
  A steam dragon skeleton (Crypt:2)
  An ufetubus (Abyss:3)
12 creatures vanquished.

Vanquished Creatures (others)
  A wolf spider (Spider:4)
  A jumping spider (Spider:1)
  A small abomination (Abyss:3)
  A bush (Lair:1)
  113 fire vortices
  12 foxfires
  109 fulminant prisms
  55 fungi
  156 plants
  14 starspawn tentacles (Abyss:3)
463 creatures vanquished.

Grand Total: 3567 creatures vanquished

Notes
Turn   | Place    | Note
-------+----------+-------------------------------------------
     0 | D:1      | DocSulfur the Deep Elf Conjurer began the quest for the
                  | Orb.
     0 | D:1      | Reached XP level 1. HP: 10/10 MP: 6/6
   446 | D:1      | Reached XP level 2. HP: 15/15 MP: 5/8
   886 | D:2      | Learned a level 2 spell: Searing Ray
  1204 | D:2      | Reached skill level 4 in Spellcasting
  1233 | D:2      | Reached skill level 5 in Conjurations
  1233 | D:2      | Reached XP level 3. HP: 19/19 MP: 3/10
  1605 | D:2      | Reached XP level 4. HP: 18/24 MP: 6/12
  2399 | D:3      | Reached skill level 5 in Spellcasting
  2742 | D:3      | Reached XP level 5. HP: 28/28 MP: 3/14
  2867 | D:3      | Noticed Ijyb
  2876 | D:3      | Killed Ijyb
  3012 | D:3      | Found a runed translucent door.
  3013 | D:3      | Noticed Crazy Yiuf
  3126 | D:3      | Killed Crazy Yiuf
  3127 | D:3      | Reached skill level 6 in Spellcasting
  3293 | D:4      | Noticed Sigmund
  3301 | D:4      | Killed Sigmund
  3302 | D:4      | Reached skill level 7 in Spellcasting
  3302 | D:4      | Reached XP level 6. HP: 32/32 MP: 6/18
  3386 | D:4      | Found Xokautt's Antique Weapon Boutique.
  3492 | D:4      | Noticed Eustachio
  3503 | D:4      | Reached XP level 7. HP: 36/36 MP: 14/19
  3508 | D:4      | Killed Eustachio
  3509 | D:4      | Reached skill level 8 in Spellcasting
  4161 | D:5      | Entered Level 5 of the Dungeon
  4441 | D:5      | Reached skill level 9 in Spellcasting
  4441 | D:5      | Reached XP level 8. HP: 38/41 MP: 18/23
  4471 | D:5      | Found a blossoming altar of Fedhas.
  4500 | D:5      | Found Igywk's Gadget Shop.
  5146 | D:6      | Reached skill level 10 in Spellcasting
  5266 | D:6      | Reached skill level 1 in Fighting
  5376 | D:6      | Found a sand-covered staircase.
  5381 | Ossuary  | Entered an ossuary
  6711 | D:7      | Reached XP level 9. HP: 48/48 MP: 19/25
  6896 | D:7      | Found a staircase to the Ecumenical Temple.
  6910 | Temple   | Entered the Ecumenical Temple
  7162 | Temple   | Became a worshipper of Vehumet
  7289 | D:7      | Reached skill level 10 in Conjurations
  7354 | D:7      | Reached skill level 5 in Dodging
  8006 | D:8      | Found a staircase to the Lair.
  8195 | D:8      | Noticed an elephant
  8213 | D:8      | Killed an elephant
  8851 | D:9      | Reached skill level 5 in Fighting
  9190 | D:9      | Found a burning altar of Makhleb.
  9227 | D:9      | Reached * piety under Vehumet
  9227 | D:9      | Offered knowledge of Sandblast by Vehumet.
  9349 | D:9      | Reached XP level 10. HP: 34/59 MP: 17/26
  9634 | D:9      | Noticed an unseen horror
  9652 | D:9      | Killed an unseen horror
  9853 | D:9      | Got a brightly glowing dagger
  9853 | D:9      | Identified the +6 dagger "Emnotto" {freeze, rF+} (You found
                  | it on level 9 of the Dungeon)
 10021 | D:9      | Noticed a two-headed ogre
 10027 | D:9      | Killed a two-headed ogre
 10028 | D:9      | Reached skill level 10 in Dodging
 10061 | D:9      | Found a glowing silver altar of Zin.
 10061 | D:9      | Found a stormy altar of Qazlal.
 10425 | D:10     | Entered Level 10 of the Dungeon
 10593 | D:10     | Reached skill level 1 in Fire Magic
 10593 | D:10     | Reached skill level 1 in Earth Magic
 10669 | D:10     | Noticed a gargoyle
 10673 | D:10     | Killed a gargoyle
 10956 | D:10     | Reached ** piety under Vehumet
 10956 | D:10     | Offered knowledge of Foxfire by Vehumet.
 11024 | D:10     | Found a portal to a secret trove of treasure.
 11195 | D:10     | Found an iron altar of Okawaru.
 11356 | D:10     | Reached XP level 11. HP: 68/68 MP: 23/27
 11484 | D:11     | Learned a level 4 spell: Fulminant Prism
 11484 | D:11     | Reached skill level 5 in Evocations
 11484 | D:11     | Reached XP level 12. HP: 76/76 MP: 28/28
 11787 | D:11     | Noticed a seven-headed hydra
 11791 | D:11     | Killed a seven-headed hydra
 11792 | D:11     | Reached skill level 10 in Fighting
 12102 | D:11     | Offered knowledge of Static Discharge by Vehumet.
 12124 | D:11     | Found a staircase to the Orcish Mines.
 12162 | D:11     | Reached *** piety under Vehumet
 12393 | D:11     | Offered knowledge of Inner Flame by Vehumet.
 12394 | D:11     | Reached skill level 11 in Spellcasting
 12592 | D:11     | Found a broken altar of Ashenzari.
 13115 | D:11     | Reached XP level 13. HP: 82/82 MP: 30/30
 13376 | D:12     | Reached **** piety under Vehumet
 13409 | D:12     | Reached skill level 12 in Spellcasting
 13695 | D:12     | Offered knowledge of Lee's Rapid Deconstruction by Vehumet.
 13702 | D:12     | Learned a level 5 spell: Lee's Rapid Deconstruction
 14219 | Lair:1   | Entered Level 1 of the Lair of Beasts
 14508 | Lair:1   | Reached skill level 1 in Shields
 15530 | Lair:2   | Noticed Erica
 15534 | Lair:2   | Killed Erica
 15534 | Lair:2   | Noticed Gastronok
 15547 | Lair:2   | Killed Gastronok
 15548 | Lair:2   | Reached XP level 14. HP: 88/88 MP: 14/32
 16235 | Lair:2   | Found a hole to the Spider Nest.
 16652 | Lair:2   | Reached ***** piety under Vehumet
 16998 | Lair:2   | Reached skill level 13 in Spellcasting
 17000 | Lair:2   | Offered knowledge of Hailstorm by Vehumet.
 17827 | Lair:3   | Found a runed translucent door.
 18033 | Lair:3   | Reached skill level 10 in Earth Magic
 18953 | Lair:3   | Learned a level 4 spell: Hailstorm
 18970 | Lair:3   | Reached skill level 1 in Ice Magic
 19028 | Lair:3   | Reached skill level 14 in Spellcasting
 19809 | Lair:4   | Reached skill level 5 in Ice Magic
 20289 | Lair:4   | Found a staircase to the Swamp.
 20707 | Lair:5   | Reached XP level 15. HP: 92/92 MP: 27/35
 21758 | Lair:6   | Entered Level 6 of the Lair of Beasts
 21768 | Lair:6   | Noticed Kirke
 21866 | Lair:6   | Offered knowledge of Iron Shot by Vehumet.
 22059 | Lair:6   | Noticed a sphinx
 22274 | Lair:5   | Learned a level 6 spell: Iron Shot
 22391 | Lair:6   | Killed Kirke
 22392 | Lair:6   | Reached skill level 10 in Ice Magic
 22604 | Lair:6   | Found a staircase to the Slime Pits.
 22605 | Lair:6   | Found a viscous altar of Jiyva.
 23777 | Lair:6   | Reached skill level 10 in Fire Magic
 24262 | Lair:6   | Found a large runed translucent door.
 24263 | Lair:6   | Found a large runed translucent door.
 24898 | D:13     | Offered knowledge of Bolt of Magma by Vehumet.
 24972 | D:13     | Found Ysasyup's Magic Scroll Shoppe.
 25138 | D:13     | Found a flagged portal.
 25149 | Bailey   | Entered a bailey
 25405 | Bailey   | Found the +9 heavy crossbow "Sniper" {vorpal, Acc+∞ SInv}
 25842 | D:13     | Reached XP level 16. HP: 97/97 MP: 27/36
 26351 | D:13     | Offered knowledge of Fireball by Vehumet.
 26365 | D:13     | Learned a level 5 spell: Fireball
 26742 | D:13     | Found a gate to the Vaults.
 27125 | D:13     | Bought a scroll of acquirement for 988 gold pieces
 27125 | D:13     | Acquired the ring of the Lobster {rPois rF+ Int+2 Stlth+}
 27665 | D:14     | Noticed Azrael
 27698 | D:14     | Killed Azrael
 28535 | D:14     | Got an ancient flail
 28535 | D:14     | Identified the cursed +1 flail "Widowmaker" {vorpal, MP-9
                  | Int+6} (You found it on level 14 of the Dungeon)
 28579 | D:15     | Entered Level 15 of the Dungeon
 29038 | D:15     | Found the +7 mace of Variability {chain chaos}
 29040 | D:15     | Found a shimmering altar of Xom.
 29999 | D:15     | Found a staircase to the Depths.
 30270 | Orc:1    | Entered Level 1 of the Orcish Mines
 30270 | Orc:1    | Noticed Jorgrun
 30275 | Orc:1    | Killed Jorgrun
 30385 | Orc:1    | Found Maynyho's Book Shoppe.
 30757 | Orc:1    | Found a roughly hewn altar of Beogh.
 30938 | Orc:2    | Entered Level 2 of the Orcish Mines
 30938 | Orc:2    | Found a staircase to the Elven Halls.
 30964 | Orc:2    | Found a bloodstained altar of Trog.
 31041 | Orc:2    | Found a roughly hewn altar of Beogh.
 31070 | Orc:2    | Noticed Sonja
 31076 | Orc:2    | Killed Sonja
 31139 | Orc:2    | Found a dark tunnel.
 31189 | Volcano  | Entered a volcano
 31563 | Volcano  | Found a bloodstained altar of Trog.
 32389 | Orc:2    | Found an ancient bone altar of Kikubaaqudgha.
 32505 | Orc:2    | Found Uthog's Distillery.
 32507 | Orc:2    | Offered knowledge of Ozocubu's Refrigeration by Vehumet.
 32515 | Orc:2    | Learned a level 6 spell: Ozocubu's Refrigeration
 32805 | Orc:2    | Found a roughly hewn altar of Beogh.
 32805 | Orc:2    | Found Tirat's Distillery.
 32805 | Orc:2    | Found Aliej's Antique Weapon Shop.
 32819 | Orc:2    | Found Zitirex's Gadget Boutique.
 32822 | Orc:2    | Bought a potion of mutation for 112 gold pieces
 32877 | Orc:2    | Found a radiant altar of Vehumet.
 33328 | Orc:1    | Bought a book of Annihilations for 1435 gold pieces
 33555 | Spider:1 | Entered Level 1 of the Spider Nest
 33768 | Spider:1 | Found a frozen archway.
 33778 | IceCv    | Entered an ice cave
 34466 | IceCv    | Got a twitching pewter ring
 34483 | IceCv    | Identified the ring "Neitroun" {*Tele Dex+2} (You found it
                  | in an ice cave)
 34749 | Spider:1 | Reached XP level 17. HP: 101/102 MP: 23/37
 35030 | Spider:1 | Offered knowledge of Eringya's Noxious Bog by Vehumet.
 35424 | Spider:1 | Noticed Frances
 35428 | Spider:1 | Killed Frances
 36157 | Spider:2 | Reached ****** piety under Vehumet
 37433 | Spider:3 | Noticed Asterion
 37436 | Spider:3 | Reached skill level 15 in Spellcasting
 37440 | Spider:3 | Killed Asterion
 37939 | Spider:3 | Offered knowledge of Ignition by Vehumet.
 38701 | Spider:4 | Entered Level 4 of the Spider Nest
 38704 | Spider:4 | Reached skill level 16 in Spellcasting
 38704 | Spider:4 | Identified the +1 pair of gloves of Pan-Flutes {Rampage
                  | rElec rF- Slay-2}
 38704 | Spider:4 | Noticed Nikola
 38710 | Spider:4 | Killed Nikola
 39847 | Spider:4 | Reached XP level 18. HP: 107/107 MP: 6/40
 40079 | Spider:4 | Learned a level 8 spell: Ignition
 40166 | Spider:4 | Noticed Arachne
 40174 | Spider:4 | Killed Arachne
 42430 | Spider:4 | Got a gossamer rune of Zot
 43035 | Orc:2    | Bought a potion of heal wounds for 70 gold pieces
 43035 | Orc:2    | Bought a potion of magic for 112 gold pieces
 43035 | Orc:2    | Bought a potion of heal wounds for 70 gold pieces
 43035 | Orc:2    | Bought a potion of cancellation for 112 gold pieces
 43035 | Orc:2    | Bought a potion of heal wounds for 70 gold pieces
 43035 | Orc:2    | Bought a potion of resistance for 140 gold pieces
 43035 | Orc:2    | Bought a potion of haste for 140 gold pieces
 43319 | Swamp:1  | Entered Level 1 of the Swamp
 43326 | Swamp:1  | Noticed Josephine
 43328 | Swamp:1  | Killed Josephine
 43332 | Swamp:1  | Offered knowledge of Shatter by Vehumet.
 43332 | Swamp:1  | Offered knowledge of Tornado by Vehumet.
 43945 | Swamp:1  | Got an ancient turquoise ring
 43947 | Swamp:1  | Identified the ring "Raotitas" {Fire rN+ Int-3 Dex+4} (You
                  | found it on level 1 of the Swamp)
 44043 | Swamp:1  | Noticed Aizul
 44049 | Swamp:1  | Killed Aizul
 45109 | Swamp:2  | Reached skill level 15 in Fire Magic
 46835 | Swamp:3  | Reached skill level 17 in Spellcasting
 47051 | Swamp:4  | Entered Level 4 of the Swamp
 47587 | Swamp:4  | Reached XP level 19. HP: 112/112 MP: 30/42
 47727 | Swamp:4  | Reached skill level 15 in Conjurations
 49078 | Swamp:4  | Got a decaying rune of Zot
 49117 | Swamp:4  | Identified the Tome of Attacks
 49742 | Vaults:1 | Entered Level 1 of the Vaults
 51524 | Vaults:2 | Noticed Bai Suzhen
 51535 | Vaults:2 | Killed Bai Suzhen
 51703 | Vaults:2 | Found a staircase to the Crypt.
 51707 | Vaults:2 | Paralysed by a vampire knight for 7 turns
 52229 | Vaults:2 | Reached skill level 18 in Spellcasting
 52763 | Vaults:2 | Reached XP level 20. HP: 117/117 MP: 23/44
 53327 | Vaults:2 | Learned a level 8 spell: Lehudib's Crystal Spear
 54002 | Vaults:3 | Noticed Xtahua
 54006 | Vaults:3 | Killed Xtahua
 55056 | Vaults:3 | Found a sparkling altar of Nemelex Xobeh.
 56060 | Vaults:3 | Reached skill level 19 in Spellcasting
 57103 | Vaults:4 | Found a transporter.
 57104 | Vaults:4 | Found a shimmering blue altar of Sif Muna.
 57105 | Vaults:4 | Found the +1 cloak of Starlight {*Dazzle EV+4 Stlth--}
 58122 | Vaults:4 | Found Nuygut's Magic Scroll Boutique.
 58336 | Vaults:4 | Reached XP level 21. HP: 100/122 MP: 39/46
 58868 | Vaults:4 | Learned a level 2 spell: Blink
 58919 | Vaults:4 | Found a transporter.
 59208 | Elf:1    | Entered Level 1 of the Elven Halls
 59422 | Elf:1    | Found Foshyret's Antique Armour Boutique.
 59944 | Elf:1    | Found Zidumel's Gadget Shoppe.
 60045 | Elf:1    | Found Locaos's Gadget Shoppe.
 60047 | Elf:1    | Found Wuitunn's Jewellery Boutique.
 60176 | Elf:1    | Found Juw Jut's General Store.
 60190 | Elf:1    | Reached skill level 1 in Translocations
 60273 | Elf:1    | Found Imuclom's Assorted Antiques.
 60698 | Elf:1    | Found Uleptipsy's Distillery.
 60829 | Elf:1    | Found Qesh's Jewellery Shop.
 61236 | Elf:1    | Identified the +1 robe "Gidu" {+Inv rPois rC+ Slay+3} (You
                  | found it on level 1 of the Elven Halls)
 61300 | Elf:1    | Bought the +3 crown of Dyrovepreva {rElec Int+2 SInv} for
                  | 1076 gold pieces
 61300 | Elf:1    | Found the +3 crown of Dyrovepreva {rElec Int+2 SInv}
 61638 | Elf:3    | Entered Level 3 of the Elven Halls
 62044 | Elf:2    | Found a huge runed translucent gate.
 62044 | Elf:2    | Found a huge runed translucent gate.
 62045 | Elf:2    | Found a huge runed translucent gate.
 62099 | Elf:2    | Found a huge runed translucent gate.
 62102 | Elf:2    | Found a huge runed translucent gate.
 62483 | Elf:2    | Reached skill level 20 in Spellcasting
 63797 | Elf:3    | Reached skill level 5 in Translocations
 64009 | Elf:3    | Identified the cursed +2 morningstar "Hydra's Nightmare"
                  | {freeze, rN+}
 64138 | Elf:3    | Reached skill level 15 in Earth Magic
 64149 | Elf:3    | Identified the +2 chain mail "Deintayf" {rElec Int+6}
 64305 | Elf:3    | Reached XP level 22. HP: 105/127 MP: 33/48
 64504 | Elf:3    | Identified the +4 troll leather armour "Akhlyple" {rElec
                  | rF- Regen+ rCorr}
 64543 | Elf:3    | Identified Colin's Reference Book on Flying Curses
 66104 | D:11     | Learned a level 9 spell: Fire Storm
 66569 | Depths:1 | Entered Level 1 of the Depths
 66592 | Depths:1 | Found a gateway to Hell.
 66617 | Depths:1 | Found a sparkling altar of Nemelex Xobeh.
 66638 | Depths:1 | Found a one-way gate leading to the halls of Pandemonium.
 67913 | Depths:1 | Identified the cursed +1 dagger of Nightmares {freeze,
                  | +Blink +Rage Str-2} (You found it on level 1 of the Depths)
 68029 | Depths:1 | Found a one-way gate to the infinite horrors of the Abyss.
 68228 | Depths:2 | Found Akeylumu's Antique Weapon Boutique.
 68239 | Depths:2 | Found Tiujucs's Distillery.
 68239 | Depths:2 | Found Xociasm's Distillery.
 68261 | Depths:2 | Reached skill level 21 in Spellcasting
 69062 | Depths:2 | Found Oxtuggef's Armour Boutique.
 69147 | Depths:2 | Found Diotriw's Weapon Boutique.
 69297 | Depths:2 | Found a runed translucent door.
 69297 | Depths:2 | Found a runed translucent door.
 69659 | Depths:2 | Found a runed translucent door.
 69911 | Depths:2 | Reached XP level 23. HP: 132/132 MP: 28/50
 69914 | Depths:2 | Got a shadowed robe
 70223 | Depths:2 | Reached skill level 22 in Spellcasting
 70904 | Depths:2 | Identified the ring "Geiseop" {Wiz rF+}
 71535 | Depths:3 | Identified the ring of Saevij {rPois Slay+4}
 71535 | Depths:3 | Identified the +5 hand crossbow of Terror {venom, rElec
                  | Will+ Int+3}
 71564 | Depths:3 | Found a transporter.
 71575 | Depths:3 | Noticed Sojobo
 71594 | Depths:3 | Paralysed by a floating eye for 4 turns
 71618 | Depths:3 | Noticed Jory
 71627 | Depths:3 | Killed Jory
 71871 | Depths:3 | Noticed the Enchantress
 71875 | Depths:3 | Killed the Enchantress
 71969 | Depths:3 | Paralysed by a floating eye for 3 turns
 72345 | Depths:3 | Found Wyfeujid's Book Emporium.
 72397 | Depths:3 | Reached skill level 23 in Spellcasting
 72665 | Depths:2 | Identified the cursed +0 robe "Bithrovurgh" {rCorr Str+3}
                  | (You found it on level 2 of the Depths)
 72869 | Depths:3 | Identified the Guide on Fetching Weightlessness
 72947 | Depths:3 | Found Wusuelag's Jewellery Emporium.
 73236 | Depths:3 | You fall into a shaft and drop 2 floors!
 73236 | Depths:5 | Entered Level 5 of the Depths
 73820 | Depths:3 | Reached skill level 5 in Shields
 73865 | Depths:3 | Got a crude jade ring
 74091 | Depths:3 | Found a transporter.
 74125 | Depths:3 | Identified the ring of Fun {rElec rPois Will+ Dex+4 Stlth-}
 74247 | Depths:3 | Identified the ring of Doubt {rC- Dex+2 SInv Stlth+} (You
                  | found it on level 3 of the Depths)
 74393 | Depths:3 | Killed Sojobo
 74394 | Depths:3 | Reached skill level 24 in Spellcasting
 75259 | Depths:5 | Reached XP level 24. HP: 139/139 MP: 50/53
 75472 | Depths:4 | Reached skill level 15 in Dodging
 75640 | Depths:4 | Noticed a juggernaut
 75642 | Depths:4 | Killed a juggernaut
 77819 | Depths:5 | Found a gateway to a ziggurat.
 77821 | Depths:5 | Paralysed by a floating eye for 2 turns
 77825 | Depths:5 | Paralysed by a floating eye for 4 turns
 77835 | Depths:5 | Paralysed by a floating eye for 2 turns
 77846 | Depths:5 | Paralysed by a floating eye for 3 turns
 77855 | Depths:5 | Paralysed by a floating eye for 3 turns
 77863 | Depths:5 | Paralysed by a floating eye for 4 turns
 79170 | Depths:5 | Found a gate to the Realm of Zot.
 79941 | Depths:2 | Bought a potion of heal wounds for 65 gold pieces
 80440 | Depths:2 | Bought a +1 pair of boots of flying for 313 gold pieces
 80816 | Slime:1  | Entered Level 1 of the Pits of Slime
 81310 | Slime:1  | Reached skill level 10 in Evocations
 81776 | Slime:2  | Gained mutation: You are frail. (-10% HP) [a shining eye]
 82103 | Slime:3  | Reached XP level 25. HP: 131/131 MP: 48/53
 82629 | Slime:5  | Entered Level 5 of the Pits of Slime
 82943 | Slime:5  | Gained mutation: You are weak. (Str -2) [a shining eye]
 82944 | Slime:5  | Gained mutation: Potions are less effective at restoring
                  | your health. [a shining eye]
 83097 | Slime:4  | Lost mutation: Potions are less effective at restoring your
                  | health. [potion of mutation]
 83097 | Slime:4  | Lost mutation: You are frail. (-10% HP) [potion of
                  | mutation]
 83097 | Slime:4  | Gained mutation: You expend magic power (3 MP) to
                  | strengthen your wands. [potion of mutation]
 83097 | Slime:4  | Gained mutation: You occasionally shout uncontrollably at
                  | your foes. [potion of mutation]
 83097 | Slime:4  | Gained mutation: You are robust. (+10% HP) [potion of
                  | mutation]
 83112 | Slime:5  | Noticed the Royal Jelly
 83129 | Slime:5  | Killed the Royal Jelly
 83300 | Slime:5  | Identified Sif Muna's Grimoire of Ghastly Moulding
 83306 | Slime:5  | Got a slimy rune of Zot
 83886 | Slime:5  | Lost mutation: You occasionally shout uncontrollably at
                  | your foes. [potion of mutation]
 83886 | Slime:5  | Lost mutation: You are weak. (Str -2) [potion of mutation]
 83886 | Slime:5  | Lost mutation: You expend magic power (3 MP) to strengthen
                  | your wands. [potion of mutation]
 83886 | Slime:5  | Gained mutation: You have sharp fingernails. [potion of
                  | mutation]
 83886 | Slime:5  | Gained mutation: You are strong-willed. (Will+) [potion of
                  | mutation]
 83886 | Slime:5  | Gained mutation: Your mind is acute. (Int +2) [potion of
                  | mutation]
 84589 | D:11     | Learned a level 9 spell: Shatter
 84762 | Crypt:1  | Entered Level 1 of the Crypt
 84768 | Crypt:1  | Noticed Mara
 84770 | Crypt:1  | Noticed DocSulfur's illusion
 84772 | Crypt:1  | Killed Mara
 85832 | Crypt:2  | Found a magical portal.
 85912 | WizLab   | Entered The Hall of the Hellbinder
 86697 | WizLab   | Identified Mnoleg's Volume of the Escort
 86809 | WizLab   | Found a burning altar of Makhleb.
 86815 | WizLab   | Found the +7 pair of quick blades "Gyre" and "Gimble"
                  | {protect}
 86824 | WizLab   | Identified the Grimoire of Summoning
 87058 | WizLab   | Identified the +2 cloak "Puutusipp" {rElec rF- MP+9 Int-4}
                  | (You found it in a wizard's laboratory)
 87383 | Crypt:2  | Reached skill level 10 in Shields
 87859 | Crypt:2  | Found a transporter.
 87894 | Crypt:2  | Found a transporter.
 87905 | Crypt:2  | Noticed rrossfarrar's ghost (veteran BaFi)
 87910 | Crypt:2  | Found the +0 mask of the Dragon {Will+ Slay+3 SInv}
 87962 | Crypt:2  | Identified the +7 dire flail "Lifebane" {distort, rC+
                  | Will+}
 88724 | Crypt:2  | Reached XP level 26. HP: 104/169 MP: 53/53
 89168 | Crypt:2  | Killed rrossfarrar's ghost
 89400 | Crypt:3  | Entered Level 3 of the Crypt
 90216 | Crypt:3  | Reached skill level 10 in Hexes
 90408 | Crypt:3  | Found an ancient bone altar of Kikubaaqudgha.
 91520 | Crypt:3  | Identified the Handbook of Black Secrets
 91522 | Crypt:3  | Identified Sif Muna's Grimoire of the Wilderness
 92199 | Crypt:3  | Found a staircase to the Tomb.
 93235 | Vaults:5 | Entered Level 5 of the Vaults
 93245 | Vaults:5 | Noticed an ancient lich
 94028 | Vaults:5 | Killed an ancient lich
 94058 | Vaults:5 | Reached XP level 27. HP: 174/174 MP: 45/53
 94671 | Vaults:5 | Got a vibrating lead ring
 96622 | Vaults:5 | Found the +3 sling "Punk" {acid, rCorr}
 96988 | Vaults:5 | Got a silver rune of Zot
 97074 | Vaults:5 | Identified the ring "Reepigip" {rElec Str+5 SInv} (You
                  | found it on level 5 of the Vaults)
 97116 | Vaults:5 | Identified the cursed +0 scale mail "Muichi Ladaw"
                  | {*Corrode rC+ Regen+} (You found it on level 5 of the
                  | Vaults)
 97164 | Vaults:5 | Identified the cursed +0 ring mail of the Lair of Beasts
                  | {*Corrode Str+6 Dex+4} (You found it on level 5 of the
                  | Vaults)
 97563 | D:10     | You paid a toll of 12 potions of heal wounds to enter a
                  | treasure trove
 97564 | Trove    | Entered a treasure trove
 97567 | Trove    | Found the +7 Spriggan's Knife {stab, EV+4 Stlth+}
 97586 | Trove    | Got a masterwork hand crossbow
 97857 | Vaults:4 | Bought a scroll of blinking for 150 gold pieces
 97857 | Vaults:4 | Bought a scroll of identify for 40 gold pieces
 97857 | Vaults:4 | Bought a scroll of identify for 40 gold pieces
 97857 | Vaults:4 | Bought a scroll of acquirement for 1040 gold pieces
 97857 | Vaults:4 | Bought a scroll of identify for 40 gold pieces
 97857 | Vaults:4 | Bought 2 scrolls of enchant armour for 300 gold pieces
 97857 | Vaults:4 | Bought a scroll of acquirement for 1040 gold pieces
 97859 | Vaults:4 | Acquired an uncursed staff of conjuration
 97865 | Vaults:4 | Acquired the +3 pair of gloves of Cephur {rF- rN+ Int+3}
 98016 | D:13     | Bought a scroll of magic mapping for 66 gold pieces
 98016 | D:13     | Bought a scroll of teleportation for 57 gold pieces
 98016 | D:13     | Bought a scroll of amnesia for 66 gold pieces
 98016 | D:13     | Bought a scroll of amnesia for 66 gold pieces
 98016 | D:13     | Bought a scroll of blinking for 142 gold pieces
 98016 | D:13     | Bought a scroll of identify for 38 gold pieces
 98016 | D:13     | Bought a scroll of enchant armour for 142 gold pieces
 98571 | Zot:1    | Entered Level 1 of the Realm of Zot
 98677 | Zot:2    | Reached skill level 1 in Necromancy
 98765 | Zot:1    | Reached skill level 1 in Throwing
 99028 | Zot:1    | Learned a level 6 spell: Invisibility
 99137 | Zot:1    | Learned a level 6 spell: Statue Form
103212 | Zot:3    | Reached skill level 25 in Spellcasting
103302 | Zot:4    | Noticed an orb of fire
103302 | Zot:4    | Gained mutation: Potions are less effective at restoring
                  | your health. [an orb of fire]
103305 | Zot:4    | Killed an orb of fire
103349 | Zot:5    | Entered Level 5 of the Realm of Zot
105307 | D:11     | Upgraded the game from 0.26-b1-52-g61e05abef2 to
                  | 0.26-b1-57-gb162d0664a
105486 | Orc:2    | Bought a potion of resistance for 130 gold pieces
105486 | Orc:2    | Bought a potion of magic for 104 gold pieces
105486 | Orc:2    | Bought a potion of mutation for 104 gold pieces
105486 | Orc:2    | Bought a potion of haste for 130 gold pieces
105844 | Depths:1 | Voluntarily entered the Abyss.
105885 | Abyss:1  | Found a corrupted altar of Lugonu.
107224 | Abyss:3  | Noticed an ancient lich
107226 | Abyss:3  | Killed an ancient lich
107313 | Abyss:3  | Found a corrupted altar of Lugonu.
107821 | Abyss:3  | Lost mutation: Your mind is acute. (Int +2) [a neqoxec]
108237 | Abyss:3  | Found a corrupted altar of Lugonu.
108251 | Abyss:3  | Got an abyssal rune of Zot
108454 | Depths:1 | Escaped the Abyss
108736 | Zig:1    | Entered Level 1 of a ziggurat
108761 | Zig:2    | Entered Level 2 of a ziggurat
108792 | Zig:3    | Entered Level 3 of a ziggurat
108807 | Zig:3    | Identified the Collected Works on the Supportive Oath
108821 | Zig:4    | Entered Level 4 of a ziggurat
109014 | Zig:5    | Entered Level 5 of a ziggurat
109021 | Zig:5    | Reached skill level 26 in Spellcasting
109045 | Zig:5    | Got a transparent iron ring
109057 | Zig:5    | Identified the ring "Ygofe" {Str+6 Stlth+} (You found it on
                  | level 5 of a ziggurat)
109062 | Zig:6    | Entered Level 6 of a ziggurat
109091 | Zig:6    | Identified the Almanac of Malediction and Companions
109109 | Zig:7    | Entered Level 7 of a ziggurat
109167 | Zig:8    | Entered Level 8 of a ziggurat
109176 | Zig:8    | Noticed Zurphi Ypla the pandemonium lord
109186 | Zig:8    | Killed Zurphi Ypla the pandemonium lord
109440 | Zig:8    | Identified the +4 ring mail "Tiycw" {Rampage *Slow rN+}
                  | (You found it on level 8 of a ziggurat)
109453 | Zig:9    | Entered Level 9 of a ziggurat
109488 | Zig:9    | Got a wavering lead ring
109497 | Zig:9    | Identified the ring "Qitruph" {rCorr Int+2 Dex+3 Stlth+}
                  | (You found it on level 9 of a ziggurat)
109498 | Zig:9    | Identified the +4 leather armour of Ru's Supremacy {Str+4}
                  | (You found it on level 9 of a ziggurat)
109522 | Zig:10   | Entered Level 10 of a ziggurat
109551 | Zig:10   | Identified the Catalogue of Cloudy Summoning
109566 | Zig:10   | Got a heavily runed wooden ring
109568 | Zig:10   | Identified the cursed +1 scale mail "Lofreoc" {Int+3 Dex+3}
                  | (You found it on level 10 of a ziggurat)
109569 | Zig:10   | Identified the ring of the Firefly {*Tele rN+ Will+} (You
                  | found it on level 10 of a ziggurat)
109574 | Zig:11   | Entered Level 11 of a ziggurat
109591 | Zig:11   | Noticed Ziuxtas the pandemonium lord
109627 | Zig:11   | Annihilated by Ziuxtas the pandemonium lord

Illustrated notes

Levels and vault maps discovered:
D:1:      dpeg_arrival_concentric_ovals, layout_basic
D:2:      layout_basic
D:3:      layout_rooms, uniq_ijyb, uniq_crazy_yiuf_cottage
D:4:      layout_basic, serial_shops, kennysheep_little_box, abandoned_shop,
          grunt_ministairs_11, uniq_sigmund, uniq_eustachio
D:5:      layout_cave_pools, fedhas_altar_2, serial_shops, kennysheep_mini
D:6:      wad_lake_hut, layout_basic, nicolae_ossuary_entry_false_entrances
D:7:      layout_loops_ring, minmay_temple_entry_large_hall, st_stairs_8
D:8:      layout_loops_cross, david_lair_generic
D:9:      minmay_curly_fans, layout_loops_cross, nicolae_overflow_hidden_temple,
          amethyst_overflow_temple_binary, chequers_decorated_corner
D:10:     layout_irregular_city, nicolae_trove_entry_crystal, minivault_25_ag,
          chequers_serial_rivers_micro_c, okawaru_trees_1
D:11:     layout_basic, zombieorc1_lemuel, basic_altar
D:12:     layout_gridville, minmay_mirror_moons_of_madness
D:13:     layout_layer_cave, grunt_vaults_entry_tiered, enter_bailey_4,
          serial_shops, nicolae_shop_crystal
D:14:     layout_loops_cross, serial_park_tiny_pond, minmay_holes, uniq_azrael
D:15:     gammafunk_enter_depths_forms, layout_rooms, minmay_misc_feat_tiny,
          minmay_guarded_unrand_variability
Temple:   dpeg_five_rooms_temple
Lair:1:   minmay_lair_venomous_thicket, layout_cave_pods, st_stairs_4
Lair:2:   layout_small_grid, nicolae_spider_entry_orb_guardian,
          guppyfry_lair_drakes, grunt_megastairs_4, uniq_gastronok, uniq_erica
Lair:3:   gammafunk_mikee_crab_dinner, layout_misc_corridors,
          serial_bayou_pond_a, fungi_pond_lemuel, eino_house_with_fridge,
          infiniplex_staircase_pool_2
Lair:4:   layout_regular_city, swamp_mist, serial_bayou_shore_a,
          grunt_megastairs_2, lemuel_fruit_tree, serial_bayou_shore_b
Lair:5:   layout_long_grid
Lair:6:   cheibrodos_lair_end_hotspot, layout_regular_city, slime_altar_1,
          ice2_lemuel, minmay_lair_oklob_chamber, uniq_kirke
Swamp:1:  layout_basic_swamp, nicolae_swamp_trees_clearing, uniq_josephine,
          uniq_aizul
Swamp:2:  layout_basic_swamp, serial_swamp_ruin, evilmike_swamp_ruin_house_1,
          evilmike_swamp_ruin_house_4, hangedman_swamp_ruin_wall, swamp_pool4
Swamp:3:  layout_basic_swamp, evilmike_swamp_ruin_rubble_2, swamp_pool2,
          infiniplex_staircase_pool
Swamp:4:  swamp_basic_johnstein, layout_basic_swamp, swamp_pool1
Spider:1: layout_spider_delve, portal_ice_cave_entry_pillars_1,
          hangedman_spider_tarantella_strand, uniq_frances
Spider:2: layout_spider_delve
Spider:3: layout_spider_delve, guppyfry_hornet_nest, uniq_asterion
Spider:4: johnstein_spider_rune_arachne_lair, drop_trap, uniq_arachne,
          uniq_nikola
Slime:1:  layout_caves
Slime:2:  nicolae_slime_jelly_donut, layout_caves
Slime:3:  layout_caves
Slime:4:  layout_caves
Slime:5
Orc:1:    layout_caves, serial_shops, nicolae_shop_crystal, lemuel_statue_altar,
          uniq_jorgrun
Orc:2:    kennysheep_orc_mage_school, layout_caves, basic_altar,
          nicolae_volcano_entry_batcave, trog_book, uniq_sonja
Elf:1:    elf_arrival_002, layout_onion_city, serial_shops, shop_fountains,
          nicolae_shop_trees, nicolae_shop_trees, nicolae_shop_trees, shop,
          hangedman_elf_represent, minmay_shop_grove
Elf:2:    layout_loops_corners
Elf:3:    minmay_elf_hall_curves, layout_geoelf_grid
Vaults:1: grunt_vaults_funnel, vaults_room_ringed_pool, nicolae_vaults_alarming,
          v_misc_28, v_misc_19, vaults_room_fours,
          nicolae_vaults_three_branches, vaults_dpeg_ring, vaults_dpeg_diagonal,
          ontoclasm_vaults_twist, layout_vaults_ring
Vaults:2: ontoclasm_vaults_pinch, minmay_crypt_entry_simple_round,
          dpeg_vaults_monster_box, v_misc_10, v_misc_1,
          vaults_standard_mumra_enter_the_diamond, vaults_room_door_ring,
          nicolae_vaults_little_ls, layout_vaults_quadrants, uniq_bai_suzhen
Vaults:3: nicolae_vaults_diagonal_hallway_7, vaults_standard_mumra_lines,
          grunt_vaults_diagonal, v_rooms_3, hangedman_vaults_cutoff,
          vaults_room_octagon, nicolae_vaults_shelves_hall,
          ontoclasm_vaults_decontamination, grunt_vaults_hallway_short,
          nicolae_vaults_little_squares_4, hangedman_vaults_nails,
          nicolae_vaults_network_barrier, layout_vaults_maze_snakey,
          basic_altar, uniq_xtahua
Vaults:4: gammafunk_sealed_library, v_rooms_6, v_misc_8, v_misc_15,
          ontoclasm_vaults_loading_screen, nicolae_vaults_stairing_the_circle,
          v_alt_pattern_3, nicolae_vaults_little_squares_4, vaults_room_pool,
          vaults_dpeg_encased_lava, v_misc_29, vaults_room_grid,
          layout_vaults_big_cross, serial_shops, nicolae_shop_stone
Vaults:5
Crypt:1:  layout_rooms, corner_web_ring, uniq_mara
Crypt:2:  layout_misc_corridors, gammafunk_ghost_abyssal_escape,
          lightli_enter_wizlab_magi_temple, grunt_ministairs_13,
          tombwall_bobbens
Crypt:3:  church_of_pain_bobbens, layout_chaotic_city,
          nicolae_tomb_entry_rubble_hallway, moated_statue
Depths:1: layout_gridlike, rand_demon_pan_entry_8, marbit_kobold_abyss_entry,
          serial_bayou_lagoon_a, hell_entry, nemelex_xobeh_ov_fountains_minmay
Depths:2: minmay_the_grid_triangle_9x9_rhombus_full
          [minmay_the_grid_triangle_9x9_windchime,
          minmay_the_grid_triangle_9x9_swiss_cheese,
          minmay_the_grid_triangle_9x9_fully_insulated_deathbox,
          minmay_the_grid_triangle_9x9_intruding_spiral,
          minmay_the_grid_triangle_9x9_empty,
          minmay_the_grid_triangle_9x9_alien,
          minmay_the_grid_triangle_9x9_flanged_cone,
          minmay_the_grid_triangle_9x9_prize_insulated], layout_cave_pools,
          minmay_room_of_horrors, serial_shops, shop, shop,
          nicolae_shop_overgrown_old_shop, shop, shop, grunt_hell_entry_dis_old
Depths:3: hangedman_spin_cycle, hell_entry, pan_entry, uniq_sojobo, uniq_jory,
          uniq_enchantress
Depths:4: minmay_octo_star, layout_basic, hell_entry, rand_demon_pan_entry_5,
          chequers_serial_rivers_room_b, abyss_entry, drop_trap,
          serial_bayou_shore_b, infiniplex_staircase_squiggle
Depths:5: grunt_zot_entry_gee_three, layout_gridlike, enter_ziggurat_d,
          hell_entry, chequers_jeans, pan_entry, serial_curves, eino_curves_04,
          eino_curves_03, eino_curves_02, eino_curves_03,
          hangedman_abyss_entry_splay, minmay_misc_feat_encased
Zot:1:    layout_basic
Zot:2:    layout_misc_corridors, grunt_megastairs_5
Zot:3:    kennysheep_spiral_hall, layout_twisted_circle
Zot:4:    layout_gridlike
Zot:5:    layout_misc_corridors
Zig:11

Skill      XL: |  1  2  3  4  5  6  7  8  9 10 11 12 13 14 15 16 17 18 19 20 21 22 23 24 25 26 27 |
---------------+----------------------------------------------------------------------------------+-----
Spellcasting   | 4 5 7 9 10 11 12 14 16 17 18 19 20 21 24 26 | 26.7
Conjurations   | 5 6 7 8 9 10 11 12 13 14 15 16 18 19 20 21 24 | 24.0
Dodging        | 4 8 10 13 14 16 18 20 23 | 23.5
Fighting       | 2 5 8 9 10 11 12 | 12.6
Fire Magic     | 1 6 7 11 13 14 15 17 19 20 22 | 22.3
Earth Magic    | 1 6 7 10 11 13 14 15 17 18 20 21 24 | 24.0
Hexes          | 6 9 10 | 10.0
Evocations     | 5 6 7 10 | 10.0
Shields        | 2 4 5 7 10 12 14 | 14.6
Ice Magic      | 6 11 12 13 14 | 14.0
Translocations | 6 |  6.0
Necromancy     | 2 |  2.4
Throwing       | 1 |  1.9
Stealth        | |  2.4

Action                   |  1- 3 |  4- 6 |  7- 9 | 10-12 | 13-15 | 16-18 | 19-21 | 22-24 | 25-27 || total
-------------------------+-------+-------+-------+-------+-------+-------+-------+-------+-------++-------
Melee: Unarmed           |       |       |     2 |       |       |       |       |       |       ||     2
       Dagger            |       |       |       |     2 |     6 |     1 |       |       |       ||     9
       Staff             |       |       |       |       |       |     4 |    15 |     3 |   214 ||   236
Throw: Throwing net      |       |       |       |       |       |       |       |     1 |       ||     1
 Cast: Magic Dart        |    47 |    25 |    12 |     7 |     2 |       |       |       |       ||    93
       Searing Ray       |     4 |    23 |   103 |   104 |   173 |    55 |    21 |     1 |       ||   484
       Fulminant Prism   |       |       |       |     6 |   106 |       |       |       |       ||   112
       Lee's Rapid Decon |       |       |       |       |   147 |    58 |    49 |    29 |     7 ||   290
       Hailstorm         |       |       |       |       |    18 |     8 |       |       |       ||    26
       Iron Shot         |       |       |       |       |    44 |   281 |    47 |     1 |     1 ||   374
       Fireball          |       |       |       |       |       |   146 |    73 |    26 |    22 ||   267
       Ozocubu's Refrige |       |       |       |       |       |   184 |   150 |   129 |    75 ||   538
       Ignition          |       |       |       |       |       |       |    25 |    34 |    93 ||   152
       Lehudib's Crystal |       |       |       |       |       |       |   143 |   280 |   553 ||   976
       Blink             |       |       |       |       |       |       |       |    46 |    12 ||    58
       Fire Storm        |       |       |       |       |       |       |       |       |   109 ||   109
       Shatter           |       |       |       |       |       |       |       |       |     4 ||     4
       Statue Form       |       |       |       |       |       |       |       |       |     4 ||     4
       Invisibility      |       |       |       |       |       |       |       |       |     2 ||     2
 Abil: Evoke Flight      |       |       |       |       |     1 |     1 |       |     7 |     3 ||    12
       Stop Flying       |       |       |       |       |       |       |       |     4 |     3 ||     7
       Evoke Invisibilit |       |       |       |       |       |       |       |     1 |       ||     1
Evoke: Wand              |       |       |       |    13 |    19 |    10 |       |     3 |     6 ||    51
  Use: Scroll            |       |     8 |     5 |     7 |     7 |    11 |     3 |    14 |    26 ||    81
       Potion            |       |       |     2 |     2 |     1 |     5 |     1 |     3 |    16 ||    30
 Stab: Distracted        |       |       |       |     1 |       |       |       |       |       ||     1
Armor: Robe              |       |     2 |    11 |     2 |       |    28 |    12 |    16 |    63 ||   134
       Troll leather arm |       |       |       |     5 |    47 |     9 |       |       |       ||    61
       Skin              |       |       |       |       |       |       |       |       |     5 ||     5
Dodge: Dodged            |     6 |    10 |    38 |    98 |   438 |   197 |    95 |   159 |   596 ||  1637
       Repelled          |       |       |       |       |       |     9 |     4 |    14 |    29 ||    56
Block: Other             |       |     3 |    12 |     3 |       |       |       |       |       ||    18
       Reflection        |       |       |     1 |       |       |       |    29 |    14 |    16 ||    60
       Buckler           |       |       |       |       |    80 |    41 |    60 |    63 |   297 ||   541
